 Dungeon Crawl Stone Soup version 0.30-a0-1053-gbd8d5ba0ad (webtiles) character file.

Game seed: 7900848138265870417

14 qeuew the Trooper (level 2, 24/24 HPs)
             Began as a Demonspawn Chaos Knight on Apr 11, 2023.
             Was a Plaything of Xom.
             Quit the game on level 1 of the Dungeon.
             The game lasted 00:00:38 (282 turns).

qeuew the Trooper (Demonspawn Chaos Knight)          Turns: 282, Time: 00:00:39

Health: 24/24      AC:  5    Str: 12    XL:     2   Next: 27%
Magic:  2/2        EV: 11    Int: 13    God:    Xom [..*...]
Gold:   31         SH:  0    Dex: 12    Spells: 1/1 levels left

rFire   . . .      SeeInvis .    a - +0 mace (chaos)
rCold   . . .      Faith    .    (no shield)
rNeg    + . .      Spirit   .    b - +2 leather armour
rPois   .          Reflect  .    (no helmet)
rElec   .          Rampage  .    (no cloak)
rCorr   .                        (no gloves)
Will    .....                    (no boots)
Stlth   +                        (no amulet)
HPRegen 0.24/turn                e - ring of positive energy
MPRegen 0.16/turn                (no ring)

@: no status effects
A: magic regeneration
a: Renounce Religion


You were on level 1 of the Dungeon.
You worshipped Xom.
You were a toy of Xom.
You visited 1 branch of the dungeon, and saw 1 of its levels.

You collected 31 gold pieces.

Inventory:

Hand Weapons
 a - a +0 mace of chaos (weapon)
Armour
 b - a +2 leather armour (worn)
Jewellery
 e - a ring of positive energy (left hand)
Scrolls
 d - a scroll of identify {unknown}
 f - 3 scrolls of magic mapping {unknown}
Miscellaneous
 c - a piece from Xom's chessboard (15/15) (quivered)


   Skills:
 + Level 3.1 Fighting
 + Level 2.8 Maces & Flails
 + Level 2.0 Armour
 + Level 1.2 Dodging
 + Level 0.6 Evocations


You had one spell level left.
You didn't know any spells.
Your spell library was empty.

Dungeon Overview and Level Annotations

Branches:
Dungeon (1/15)

Altars:


Innate Abilities, Weirdness & Mutations

You regenerate magic rapidly.


Message History

Your Armour skill increases to level 2!
No target in view!
No target in view!
No target in view!
No target in view!
No target in view!
No target in view!
No target in view!
Things that are here:
a +0 short sword; a kobold corpse An endoplasm comes into view.
An endoplasm is nearby!
A hobgoblin comes into view.
Found a club.
The endoplasm quivers.
There are monsters nearby!
The hobgoblin shouts!
There are monsters nearby!
You sock the endoplasm!
You kill the endoplasm!
A hobgoblin is nearby!
A hobgoblin is nearby!
The hobgoblin hits you but does no damage.
A hobgoblin is nearby!
You closely miss the hobgoblin. The hobgoblin hits you.
A hobgoblin is nearby!
A hobgoblin is nearby!
You hit the hobgoblin.
The hobgoblin is poisoned.
The hobgoblin is moderately wounded.
The hobgoblin hits you.
A hobgoblin is nearby!
You hit the hobgoblin but do no damage.
The hobgoblin seems to speed up.
The hobgoblin is moderately wounded.
The hobgoblin hits you but does no damage.
The hobgoblin misses you.
A hobgoblin is nearby!
You hit the hobgoblin.
You kill the hobgoblin!
A dart slug comes into view.
Are you sure you want to abandon this character and quit the game? (Confirm with "yes".)

....... ##+#... .....
.....# .... .....# .w.
.....#### #.. .....#..
..###
8..#.#.##########....#
.............##......#
8.+##...#.#.###.@..?$#
............###......#
#...##.##............#
#...##...######......#
#...####.######......#
#...# #......#......#
#...# #........##...#
#...# ##.....#.# ...#
##### #.†...#.. ...+


You could see a dart slug.

Vanquished Creatures
  An endoplasm (D:1)
  A giant cockroach (D:1)
  A goblin (D:1)
  4 hobgoblins (D:1)
  A kobold (D:1)
  A quokka (D:1)
  A ball python (D:1)
  A rat (D:1)
11 creatures vanquished.

Notes
Turn   | Place    | Note
-------+----------+-------------------------------------------
     0 | D:1      | qeuew the Demonspawn Chaos Knight began the quest for the
                  | Orb.
     0 | D:1      | Reached XP level 1. HP: 18/18 MP: 1/1
    86 | D:1      | Reached skill level 1 in Dodging
   192 | D:1      | Found a faded altar of an unknown god.
   195 | D:1      | Gained mutation: You regenerate magic rapidly. [demonic
                  | ancestry]
   195 | D:1      | Reached XP level 2. HP: 23/24 MP: 2/2
   216 | D:1      | XOM: divination: magic mapping
   282 | D:1      | Quit the game

Illustrated notes

Levels and vault maps discovered:
D:1:      lightli_arrival_maybe_door_vault, layout_basic,
          dreamdust_ecumenical_altar_statues

Skill      XL: |  1  2 |
---------------+-------+-----
Dodging        | 1 |  1.2
Armour         | 2 |  2.0
Fighting       | |  3.1
Maces & Flails | |  2.8
Evocations     | |  0.6

Action                     || total
---------------------------++-------
  Melee: Mace              ||    26
         Punch             ||     1
 Armour: Leather armour    ||     8
  Dodge: Dodged            ||     9

Table legend: (Time is in decaauts)
 A = Elapsed time spent in this place.
 B = Non-inter-level travel time spent in this place.
 C = Inter-level travel time spent in this place.
 D = Time resting spent in this place.
 E = Time spent auto-exploring this place.
 F = Levels seen in this place.
 G = Mean time per level.
                   A        B        C        D        E       F      G
               +--------+--------+--------+--------+--------+-----+--------+
         Total |    287 |    287 |      0 |      0 |    213 |   1 |  287.0 |
       Dungeon |    287 |    287 |      0 |      0 |    213 |   1 |  287.0 |
               +--------+--------+--------+--------+--------+-----+--------+

Top non-repeatable levels by time:
     D:1: 287 daAuts
